 Dungeon Crawl Stone Soup version 0.30.1 (webtiles) character file.

Game seed: 14560327048786112107

9304 cdecastro the Basher (level 11, -5/115 HPs)
             Began as a Troll Fighter on July 3, 2023.
             Was a High Priest of the Shining One.
             Killed from afar by an orc wizard (7 damage)
             ... with a puff of flame
             ... on level 11 of the Dungeon.
             The game lasted 00:23:06 (7469 turns).

cdecastro the Basher (Troll Fighter)                Turns: 7469, Time: 00:23:07

Health: -5/115     AC: 11    Str: 28    XL:     11   Next: 21%
Magic:  5/16       EV: 13    Int: 10    God:    the Shining One [*****.]
Gold:   328        SH: 17    Dex: 11    Spells: 10/10 levels left

rFire   . . .        Q - +3 flail
rCold   . . .        c - +0 kite shield
rNeg    + + .        n - quicksilver dragon scales
rPois   .            E - +0 hat
rElec   .            (no cloak)
rCorr   .            (gloves unavailable)
SInv    .            (boots unavailable)
Will    +....        i - amulet of faith Stlth
                     l - +5 ring of evasion
HPRegen 1.19/turn    q - +6 ring of intelligence
MPRegen 0.15/turn

%: faith
@: mighty, divinely shielded, glowing
A: large, unfitting armour, claws 3, regeneration 1, shaggy fur 1, tough skin 1
a: Renounce Religion, Divine Shield, Cleansing Flame, Summon Divine Warrior


You were on level 11 of the Dungeon.
You worshipped the Shining One.
The Shining One was extremely pleased with you.
You visited 2 branches of the dungeon, and saw 12 of its levels.

You collected 664 gold pieces.
You spent 336 gold pieces at shops.

Inventory:

Hand Weapons
 b - a +0 whip of venom
 y - a +0 morningstar
 F - a +0 giant spiked club
 K - a +2 whip of electrocution
 N - a +3 flail of protection
 P - a +4 dire flail
 Q - a +3 flail (weapon)
Missiles
 o - 5 curare-tipped darts (quivered)
 w - 5 boomerangs
 x - 3 atropa-tipped darts
 G - 5 throwing nets
 H - 16 poisoned darts
Armour
 c - a +0 kite shield (worn)
 n - quicksilver dragon scales (worn)
 E - a +0 hat (worn)
Jewellery
 i - an amulet of faith (around neck)
 l - a +5 ring of evasion (left claw)
 q - a +6 ring of intelligence (right claw)
 L - a ring of see invisible
Wands
 a - a wand of flame (10)
 R - a wand of mindburst (3)
 S - a wand of polymorph (4)
Scrolls
 f - 4 scrolls of teleportation
 g - a scroll of blinking {unknown}
 h - 14 scrolls of identify {unknown}
 j - 4 scrolls of fog {unknown}
 m - a scroll of fear {unknown}
 t - a scroll of noise {unknown}
 v - 2 scrolls of torment {unknown}
 A - 4 scrolls of magic mapping {unknown}
 C - a scroll of vulnerability {unknown}
 D - a scroll of enchant weapon {unknown}
 M - a scroll of acquirement {unknown}
 O - 2 scrolls of enchant armour {unknown}
 T - a scroll of poison {unknown}
 U - a scroll of amnesia {unknown}
Potions
 d - a potion of might
 e - 4 potions of berserk rage {unknown}
 k - a potion of invisibility {unknown}
 p - 12 potions of curing
 r - 2 potions of resistance
 s - 4 potions of haste
 u - 4 potions of heal wounds
 z - 2 potions of cancellation
 B - 2 potions of mutation {unknown}
 I - a potion of lignification
 J - 2 potions of flight
 V - a potion of experience {unknown}
 W - a potion of attraction {unknown}


   Skills:
 - Level 9.1 Fighting
 + Level 9.9 Maces & Flails
 - Level 2.4 Dodging
 - Level 2.6 Shields
 * Level 8.7 Invocations


You had 10 spell levels left.
You didn't know any spells.
Your spell library contained the following spells:

 Spells                   Type           Power      Damage    Failure   Level
 Freeze                   Ice            0%         1d3       75%         1
 Sandblast                Erth           0%         2d4       75%         1
 Shock                    Conj/Air       0%         1d3       75%         1
 Cigotuvi's Dreadful Rot  Necr/Pois/Air  0%         N/A       86%         2
 Passwall                 Tmut/Erth      0%         N/A       86%         2
 Dazzling Flash           Conj/Hex       0%         N/A       98%         3
 Frozen Ramparts          Ice            0%         1d1       98%         3
 Hailstorm                Conj/Ice       0%         3d3       98%         3
 Ignite Poison            Fire/Tmut/Pois 0%         N/A       98%         3
 Inner Flame              Hex/Fire       0%         N/A       98%         3
 Stone Arrow              Conj/Erth      0%         3d7       98%         3
 Swiftness                Air            0%         N/A       98%         3
 Airstrike                Air            0%         2d(0-16)  100%        4
 Flame Wave               Conj/Fire      0%         2d4       100%        4
 Sticky Flame             Conj/Fire      0%         2d3       100%        4
 Agony                    Necr           0%         N/A       100%        5
 Blade Hands              Tmut           0%         N/A       100%        5
 Freezing Cloud           Conj/Ice/Air   0%         6-21      100%        5
 Irradiate                Conj/Tmut      0%         3d11      100%        5
 Silence                  Hex/Air        0%         N/A       100%        5
 Dragon Form              Tmut           0%         N/A       100%        7


Dungeon Overview and Level Annotations

Branches:
Dungeon (12/15)            Temple (1/1) D:6
   Lair: D:8-11         Orc: D:9-12

Altars:
Ashenzari
Cheibriados
Dithmenos
Elyvilon
Fedhas
Gozag
Kikubaaqudgha
Makhleb
Nemelex Xobeh
Okawaru
Qazlal
Ru
Sif Muna
Trog
Uskayaw
Vehumet
Wu Jian
Xom
Yredelemnul
Zin
The Shining One

Shops:
D:5 !![   D:6 [=[(

Annotations:
D:6 vault need fly+relec
D:9 1 transporter


Innate Abilities, Weirdness & Mutations

You are too large for most types of armour.
You have claws for hands.
Your natural rate of healing is unusually fast.
You are covered in fur. (AC +1)
You have tough skin. (AC +1)


Message History

Unknown command.
You bludgeon the slime creature!!
You kill the slime creature!
You block the slime creature's attack. You block the orc's attack.
The orc closely misses you. The orc hits you but does no damage.
The orc wizard hits you with a +0 dagger.
* * * LOW HITPOINT WARNING * * *
Unknown command.
You bludgeon the slime creature!!
The slime creature is moderately wounded.
The slime creature hits you but does no damage.
The orc priest closely misses you. You block the orc's attack.
The orc hits you but does no damage. The orc barely misses you.
The orc wizard hits you but does no damage.
Unknown command.
You sock the slime creature!
The slime creature is heavily wounded.
You block the slime creature's attack. The orc priest closely misses you.
You block the orc's attack. The orc misses you. The orc barely misses you.
You block the orc wizard's attack. The slime creature hits you.
* * * LOW HITPOINT WARNING * * *
Unknown command.
You thump the slime creature!
The slime creature is severely wounded.
You block the orc priest's attack. The orc hits you but does no damage.
You block the orc's attack. x2; The orc wizard completely misses you.
The slime creature hits you!
* * * LOW HITPOINT WARNING * * *
Unknown command.
You bludgeon the slime creature!!
You kill the slime creature!
You block the orc's attack.
The orc priest hits you with a +0 flail.
* * * LOW HITPOINT WARNING * * *
The orc hits you with a +0 dagger.
* * * LOW HITPOINT WARNING * * *
The orc misses you.
The orc wizard points at you and mumbles some strange words.
The puff of flame hits you!
You die...

.. ... .... +
....##### .#
........###.#
........#...#
......oo..####.
......o@.......
#......oo..#.##
#..........#
############


You could see an orc priest, an orc wizard (invisible) and 3 orcs.

Vanquished Creatures
  2 boulder beetles (D:12)
  A deep elf pyromancer (D:12)
  An unseen horror (D:12)
  2 hornets
  2 trolls
  3 slime creatures (D:11)
  A wraith (D:9)
  A wyvern (D:9)
  10 yaks
  A steam dragon (D:7)
  A vampire mosquito (D:12)
  2 water moccasins
  2 orc warriors
  2 sky beasts
  A black bear (D:5)
  A centaur (D:4)
  An ogre (D:4)
  2 phantoms
  3 kobold brigands
  4 bullfrogs
  4 gnoll sergeants
  A scorpion (D:4)
  15 wights
  3 killer bees (D:7)
  5 howler monkeys
  8 hounds
  5 orc priests
  2 jellies
  4 gnoll boudas
  A sleepcap (D:6)
  5 iguanas
  6 orc wizards
  39 gnolls
  6 adders
  A shadow imp (D:7)
  A white imp (D:7)
  2 ufetubi
  4 dart slugs
  32 orcs
  9 endoplasms
  4 giant cockroaches
  8 goblins
  9 hobgoblins
  9 jackals
  21 kobolds
  3 quokkas
  6 ball pythons
  3 bats
  A frilled lizard (D:3)
  8 rats
268 creatures vanquished.

Vanquished Creatures (others)
  A gnoll (D:6)
  An orc (D:7)
2 creatures vanquished.

Grand Total: 270 creatures vanquished

Notes
Turn   | Place    | Note
-------+----------+-------------------------------------------
     0 | D:1      | cdecastro the Troll Fighter began the quest for the Orb.
     0 | D:1      | Reached XP level 1. HP: 22/22 MP: 0/0
    64 | D:1      | Reached XP level 2. HP: 29/29 MP: 1/1
   595 | D:2      | Reached XP level 3. HP: 36/36 MP: 2/2
   595 | D:2      | Found a faded altar of an unknown god.
   627 | D:2      | Prayed at the altar of an unknown god.
   627 | D:2      | Became a worshipper of the Shining One
   627 | D:2      | Reached * piety under the Shining One
   797 | D:2      | Reached XP level 4. HP: 43/45 MP: 3/3
  1468 | D:3      | Found a basalt altar of Yredelemnul.
  1502 | D:3      | Reached XP level 5. HP: 53/53 MP: 4/4
  1583 | D:3      | Found a shimmering altar of Xom.
  1585 | D:3      | Found an ancient bone altar of Kikubaaqudgha.
  1585 | D:3      | Found an iron altar of Okawaru.
  1585 | D:3      | Found a bloodstained altar of Trog.
  1587 | D:3      | Found a glowing silver altar of Zin.
  1588 | D:3      | Found a shimmering blue altar of Sif Muna.
  1589 | D:3      | Found a white marble altar of Elyvilon.
  1590 | D:3      | Found a sparkling altar of Nemelex Xobeh.
  1728 | D:3      | Found a stormy altar of Qazlal.
  2187 | D:4      | Noticed an ogre
  2188 | D:4      | Reached XP level 6. HP: 61/62 MP: 5/5
  2250 | D:4      | Found a burning altar of Makhleb.
  2356 | D:4      | Reached ** piety under the Shining One
  2357 | D:4      | Reached skill level 5 in Maces & Flails
  2567 | D:4      | Reached skill level 5 in Fighting
  2567 | D:4      | Reached XP level 7. HP: 61/72 MP: 6/6
  2778 | D:5      | Entered Level 5 of the Dungeon
  2950 | D:5      | Found Roistrorr's Distillery.
  2951 | D:5      | Found Afemat's Distillery.
  2953 | D:5      | Found Buvoelau's Antique Armour Shop.
  3033 | D:5      | Bought a potion of lignification for 30 gold pieces
  3033 | D:5      | Bought a potion of haste for 100 gold pieces
  3033 | D:5      | Bought a potion of curing for 30 gold pieces
  3035 | D:5      | Bought a potion of heal wounds for 55 gold pieces
  3035 | D:5      | Bought a potion of flight for 33 gold pieces
  3177 | D:5      | Reached XP level 8. HP: 75/83 MP: 7/7
  3706 | D:5      | Bought a potion of cancellation for 88 gold pieces
  3730 | D:6      | Reached *** piety under the Shining One
  3838 | D:6      | Found Yshofe's Weapon Shoppe.
  3838 | D:6      | Found Foluskeb's Antique Armour Shoppe.
  3838 | D:6      | Found Soyvemaf's Jewellery Shoppe.
  4286 | D:6      | Found a staircase to the Ecumenical Temple.
  4293 | Temple   | Entered the Ecumenical Temple
  4586 | D:6      | Found Ryojess's Antique Armour Emporium.
  4965 | D:6      | Reached XP level 9. HP: 90/96 MP: 8/8
  5543 | D:7      | Reached **** piety under the Shining One
  5784 | D:8      | Reached skill level 1 in Invocations
  6070 | D:8      | Found a radiant altar of Vehumet.
  6270 | D:8      | Reached XP level 10. HP: 106/107 MP: 10/12
  6500 | D:9      | Found a snail-covered altar of Cheibriados.
  6882 | D:9      | Reached ***** piety under the Shining One
  6900 | D:9      | Reached skill level 5 in Invocations
  6991 | D:9      | Found a transporter.
  7320 | D:9      | You fall into a shaft and drop 3 floors!
  7330 | D:12     | Noticed a boulder beetle
  7330 | D:12     | Noticed a boulder beetle
  7355 | D:12     | Killed a boulder beetle
  7358 | D:12     | Killed a boulder beetle
  7392 | D:12     | Noticed a centaur warrior
  7400 | D:12     | Noticed a deep elf pyromancer
  7406 | D:12     | Noticed a gargoyle
  7406 | D:12     | Noticed a deep elf pyromancer
  7441 | D:12     | Killed a deep elf pyromancer
  7442 | D:12     | Reached XP level 11. HP: 39/115 MP: 9/16
  7469 | D:11     | HP: 5/115 [orc priest/+0 flail (4)]
  7469 | D:11     | HP: 2/115 [orc/+0 dagger (3)]
  7469 | D:11     | Killed from afar by an orc wizard

Illustrated notes

Levels and vault maps discovered:
D:1:      psy_arrival_radial02, layout_rooms
D:2:      layout_loops_ring, chequers_ecumenical_altar_simple, minmay_circle_x
D:3:      layout_loops_ring, nicolae_qazlal_general_emergency, minitemple,
          grunt_decor_mini_mirrors, bh_walls_and_bars
D:4:      layout_loops_ring, makhleb_heckhound_becter
D:5:      corexii_shack_village, layout_loops_ring, nicolae_wooded_promenade
D:6:      layout_cave_pods, minmay_temple_entry_tees, serial_gnoll_camp,
          gnoll_camp_mini_hut, gnoll_camp_mini_hut, gnoll_camp_mini_shop,
          gnoll_camp_huts_moat, gnoll_camp_mini_loothouse,
          nicolae_shop_distant_corner_stores
D:7:      layout_gridville
D:8:      layout_loops_ring, general_overflow_altar
D:9:      gammafunk_beogh_shrine, layout_layer_cave,
          mainiacjoe_overflow_24_doors, chequers_serial_rivers_micro_e
D:11:     layout_basic, portal_ice_cave_rime
D:12:     layout_cave_pools, hellmonk_bongcloud_opening
Temple:   nicolae_temple_ecumenical_triangle

Skill      XL: |  1  2  3  4  5  6  7  8  9 10 |
---------------+-------------------------------+-----
Maces & Flails | 2 3 4 5 7 8 9 |  9.9
Fighting       | 3 4 5 6 8 9 |  9.1
Invocations    | 4 8 |  8.7
Dodging        | |  2.4
Shields        | |  2.6

Action                     |  1- 3 |  4- 6 |  7- 9 | 10-12 || total
---------------------------+-------+-------+-------+-------++-------
  Melee: Unarmed           |    90 |   174 |   196 |       ||   460
         Whip              |       |       |   307 |   194 ||   501
         Flail             |       |       |       |    36 ||    36
 Invoke: Divine Shield     |       |     1 |       |     2 ||     3
         Cleansing Flame   |       |       |       |     2 ||     2
  Evoke: Wand              |       |       |       |     1 ||     1
    Use: Potion            |       |       |     1 |     3 ||     4
         Scroll            |       |       |       |     4 ||     4
 Armour: Robe              |    29 |       |       |       ||    29
         Quicksilver drago |       |    52 |   150 |    60 ||   262
         Skin              |       |       |    10 |       ||    10
  Dodge: Dodged            |    28 |    67 |   291 |   106 ||   492
  Block: Kite shield       |    32 |    52 |   220 |   112 ||   416
